 Dungeon Crawl Stone Soup version 0.31-a0-195-g7586a6f1e9 (webtiles) character file.

Game seed: 8718320921686258820

83 qw the Shooter (level 4, -13/25 HPs)
             Began as a Deep Elf Hunter on June 24, 2023.
             Blown up by Ijyb (17 damage)
             ... with a mindburst bolt
             ... on level 3 of the Dungeon.
             The game lasted 00:01:34 (1923 turns).

qw the Shooter (Deep Elf Hunter)                    Turns: 1923, Time: 00:01:35

Health: -13/25     AC:  6    Str: 10    XL:     4   Next: 22%
Magic:  6/6        EV: 11    Int: 14    God:
Gold:   84         SH:  0    Dex: 18    Spells: 3/3 levels left

rFire   . . .        Y - +0 shortbow
rCold   . . .        (shield currently unavailable)
rNeg    . . .        d - +0 ring mail
rPois   .            (no helmet)
rElec   .            (no cloak)
rCorr   .            b - +0 pair of gloves
SInv    .            (no boots)
Will    .....        (no amulet)
Stlth   +            (no ring)
HPRegen 0.24/turn    (no ring)
MPRegen 0.10/turn

%: no passive effects
@: no status effects
A: no striking features
a: no special abilities


You were on level 3 of the Dungeon.
You visited 1 branch of the dungeon, and saw 3 of its levels.

You collected 84 gold pieces.


   Skills:
 - Level 1.5 Fighting
 + Level 7.6 Ranged Weapons
 - Level 2.4 Dodging
 - Level 1.2 Stealth


You had 3 spell levels left.
You didn't know any spells.
Your spell library was empty.

Inventory:

Hand Weapons
 Y - a +0 shortbow (weapon)
Armour
 b - a +0 pair of gloves (worn)
 d - a +0 ring mail (worn)
Jewellery
 a - a ring of fire
Scrolls
 e - a scroll of identify
Potions
 g - a potion of haste
 i - a potion of might
 j - a potion of curing {unknown}

Dungeon Overview and Level Annotations

Branches:
Dungeon (3/15)

Altars:

Annotations:
D:2 1 runed translucent door, Crazy Yiuf
D:3 Ijyb


Message History

The endoplasm is moderately wounded.
You shoot an arrow. The arrow hits the endoplasm.
The endoplasm is almost dead.
You shoot an arrow. The arrow barely misses the endoplasm.
The endoplasm barely misses you.
You shoot an arrow.
The arrow hits the endoplasm but does no damage.
The endoplasm is almost dead.
The endoplasm hits you but does no damage.
You shoot an arrow. The arrow hits the endoplasm.
You kill the endoplasm!
Ijyb the Twisted Goblin comes into view.
She is wielding a +0 dagger and carrying a wand of mindburst (10).
Enter note: You shoot an arrow.
The arrow hits Ijyb but does no damage.
Ijyb shouts!
You shoot an arrow. The arrow completely misses Ijyb.
You shoot an arrow. The arrow closely misses Ijyb.
Ijyb misses you.
You shoot an arrow. The arrow closely misses Ijyb.
Ijyb zaps a wand.
Your mind is blasted!
You shoot an arrow. The arrow closely misses Ijyb.
Ijyb drinks a potion.
Ijyb seems to speed up.
Ijyb zaps a wand.
You barely resist. You shoot an arrow. The arrow hits Ijyb but does no damage.
Ijyb hits you but does no damage.
You shoot an arrow. The arrow hits Ijyb.
Ijyb is lightly wounded.
Ijyb barely misses you.
Ijyb zaps a wand.
Your mind is blasted!
You shoot an arrow. The arrow hits Ijyb.
Ijyb is moderately wounded.
Ijyb zaps a wand.
Your mind is blasted!
Ouch! That really hurt!
Ijyb closely misses you.
You shoot an arrow. The arrow closely misses Ijyb.
Ijyb closely misses you.
You shoot an arrow. The arrow closely misses Ijyb.
Ijyb screams, "Me very upset!"
Ijyb hits you but does no damage.
Ijyb zaps a wand.
Your mind is blasted!
Ouch! That really hurt!
You die...

.... ......
......#.#..# #
.....#.#..# .#
....#.#..# ...
#+#..#.#..# ....
#....#.#..# .....
##....#..#......
#.......@g.....#
####.#...#.########
#....#.#.#.#
#....#...#
#.####.###
#..#####.#
#.........
#.######.# #.#


You could see Ijyb (fast).

Vanquished Creatures
  Terence (D:2)
  A gnoll (D:1)
  A dart slug (D:2)
  An orc (D:3)
  5 bats
  8 endoplasms
  4 hobgoblins
  6 jackals
  A quokka (D:1)
  4 ball pythons
  7 frilled lizards
  3 kobolds
  4 rats
46 creatures vanquished.

Notes
Turn   | Place    | Note
-------+----------+-------------------------------------------
     0 | D:1      | qw the Deep Elf Hunter began the quest for the Orb.
     0 | D:1      | Reached XP level 1. HP: 12/12 MP: 3/3
     0 | D:1      | 0 ||| qw: Version: 0.3-a-9-g12657ce
     0 | D:1      | 0 ||| qw: Game counter: 4743
     0 | D:1      | 0 ||| qw: Always use a shield: true
     0 | D:1      | 0 ||| qw: God list: Okawaru
     0 | D:1      | 0 ||| qw: Allow faded altars: false
     0 | D:1      | 0 ||| qw: Do Orc after D:15 true
     0 | D:1      | 0 ||| qw: Do second Lair branch before Depths: true
     0 | D:1      | 0 ||| qw: Lair rune preference: random
     0 | D:1      | 0 ||| qw: Plans: Normal
     0 | D:1      | 0 ||| PLANNING D:1-11
    84 | D:1      | Reached skill level 6 in Ranged Weapons
    84 | D:1      | Reached XP level 2. HP: 16/16 MP: 4/4
   137 | D:1      | You fall into a shaft and drop 1 floor!
   165 | D:2      | 165 ||| READING scroll labelled HEUSMU HOTIGAJ.
   166 | D:2      | 166 ||| DROPPING scroll of butterflies.
   399 | D:1      | Reached XP level 3. HP: 20/20 MP: 5/5
   669 | D:1      | 669 ||| UPGRADING to +0 pair of gloves.
   674 | D:1      | 674 ||| DROPPING scarf of shadows.
   675 | D:1      | 675 ||| DROPPING ring of flight.
   676 | D:1      | 676 ||| READING scroll labelled MURRUE OWNU.
   677 | D:1      | 677 ||| READING scroll labelled ASCHUM WOQI.
   678 | D:1      | 678 ||| READING scroll labelled SIAQEE XOPTENG.
   696 | D:2      | 696 ||| STAIRDANCE
   769 | D:2      | 769 ||| FLEEEEING.
   770 | D:2      | 770 ||| FLEEEEING.
   771 | D:2      | 771 ||| FLEEEEING.
   772 | D:2      | 772 ||| FLEEEEING.
   851 | D:2      | Noticed Terence
   859 | D:2      | 859 ||| READING scroll labelled UCUTTUSE EDI.
   861 | D:2      | 861 ||| READING 2 scrolls of identify.
   861 | D:2      | 861 ||| IDENTIFYING black potion
   863 | D:2      | 863 ||| FLEEEEING.
   865 | D:2      | 865 ||| FLEEEEING.
   867 | D:2      | Killed Terence
   868 | D:2      | Reached skill level 7 in Ranged Weapons
  1032 | D:2      | Reached XP level 4. HP: 25/25 MP: 6/6
  1316 | D:2      | 1316 ||| UPGRADING to +0 ring mail.
  1326 | D:2      | 1326 ||| DROPPING +0 leather armour.
  1327 | D:2      | 1327 ||| READING scroll labelled BASUAN WIUGAHO.
  1397 | D:2      | 1397 ||| READING scroll labelled SARPHY QUAK NAC.
  1399 | D:2      | 1399 ||| Stepping ~*~*~tactically~*~*~ (cloud).
  1403 | D:2      | HP: 6/25 [poisoned by you (poison gas)]
  1719 | D:2      | Found a runed translucent door.
  1720 | D:2      | Noticed Crazy Yiuf
  1913 | D:3      | Noticed Ijyb
  1921 | D:3      | HP: 3/25 [disintegration (13)]
  1923 | D:3      | Blown up by Ijyb

Levels and vault maps discovered:
D:1:      lightli_arrival_noodles, layout_loops_ring, fountainhead,
          minmay_heptomino_d4
D:2:      layout_basic, uniq_terence, uniq_crazy_yiuf_cottage
D:3:      minmay_spotlight, layout_basic, xom_confusion_cloud,
          shapermc_ecumenical_altar_notcrosses, palyth_stone_intersect,
          minmay_circle_x, uniq_ijyb

Skill      XL: |  1  2  3 |
---------------+----------+-----
Ranged Weapons | 6 7 |  7.6
Fighting       | |  1.5
Dodging        | |  2.4
Stealth        | |  1.2

Action                     |  1- 3 |  4- 6 || total
---------------------------+-------+-------++-------
   Fire: Shortbow          |    95 |    62 ||   157
    Use: Scroll            |     6 |     2 ||     8
 Armour: Leather armour    |     4 |     2 ||     6
         Ring mail         |       |     3 ||     3
  Dodge: Dodged            |    29 |    27 ||    56

Table legend:
 A = Non-vault XP
 B = Vault XP
 C = Vault XP percentage of total XP
 D = Non-vault monster count
 E = Vault monster count
 F = Vault count percentage of total count
                 A         B        C        D         E       F
            +---------+---------+-------+---------+---------+-------
      Total |      83 |      36 |  30.3 |      43 |       3 |   6.5
            +---------+---------+-------+---------+---------+-------
        D:1 |      40 |       4 |   9.1 |      18 |       2 |  10.0
        D:2 |      38 |      32 |  45.7 |      23 |       1 |   4.2
        D:3 |       5 |       0 |   0.0 |       2 |       0 |   0.0
            +---------+---------+-------+---------+---------+-------
